AoeStats
← weiln

Arena

506826336Analyzed
1v1 RM · 17d ago on Sep 15, 2026· 18m 41s· 2 players
Game mode
Random Map
Map size
Tiny (2 player)
Population
200
Speed
Normal
Resources
Standard
Victory
Conquest
Starting age
Dark Age
Ending age
Imperial Age
RankedLock teamsTeams togetherTeam positionsShared explorationLock speedFull tech treeHidden civsTurbo modeCheats
Victory
Defeat
🇨🇳 Burgundians · China
1136
+15
🇨🇳 Teutons · China
1113
-15
1830551726
9:59 Feudal Age
9:34 Loom
12:23 Fletching
20:38 Castle Age
weiln
3:59 Double-Bit Axe
7:49 Horse Collar
10:30 Feudal Age
11:56 Loom
13:17 Bow Saw
15:33 Castle Age
Connection lost

Rejoining the realm…

Still unreachable

The connection could not be restored.

Session expired

The server has moved on; the page needs a fresh start.